| TOP OF THE 1ST |
|
Salt Lake City Buzz batting - Pitching for Portland Stag : RHP Dave Burba
|
|
Pitching: RHP Dave Burba
|
|
|
Batting: RHB Arquimedez Pozo
|
0-0: Ground out 6-3 (Groundball, 6, EV 90.6 MPH)
|
|
Batting: SHB Abraham O Nunez
|
0-0: Ball 1-0: Swinging Strike 1-1: Foul Ball, location: 2F 1-2: Ball 2-2: Foul Ball, location: 2F 2-2: Foul Ball, location: 2F 2-2: Fly out, F9 (Flyball, 89S, EV 87.5 MPH)
|
|
Batting: RHB Jerome Walton
|
0-0: SINGLE (Flyball, 78M, EV 93.1 MPH)
|
|
Batting: RHB Dave Staton
|
0-0: Foul Ball, location: 2F 0-1: Fielders Choice at 2nd, 5-4 (Groundball, 56, EV 105.6 MPH)
|
| Top of the 1st over - 0 runs, 1 hit, 0 errors, 1 left on base; Salt Lake City 0 - Portland 0 |
| BOTTOM OF THE 1ST |
|
Portland Stag batting - Pitching for Salt Lake City Buzz : RHP Steve Parris
|
|
Pitching: RHP Steve Parris
|
|
|
Batting: RHB Fernando Tatis
|
0-0: Foul Ball, location: 2F 0-1: Called Strike 0-2: Ground out 6-3 (Groundball, 56, EV 103.8 MPH)
|
|
Batting: RHB Wes Chamberlain
|
0-0: Foul Ball, location: 2F 0-1: Ball 1-1: Called Strike 1-2: SINGLE (Flyball, 56D, EV 89.4 MPH)
|
|
Batting: RHB Jeff Kunkel
|
0-0: Reached on error, E4 (Groundball, 4S, EV 91.3 MPH) Wes Chamberlain to second
|
|
Batting: LHB Mark P Johnson
|
0-0: Ball 1-0: Ball Wes Chamberlain is caught stealing 3rd base 2-5 Jeff Kunkel to second 2-0: Ball 3-0: Base on Balls
|
|
Batting: RHB Mike Macfarlane
|
0-0: Called Strike 0-1: Swinging Strike 0-2: Strikes out swinging
|
| Bottom of the 1st over - 0 runs, 1 hit, 1 error, 2 left on base; Salt Lake City 0 - Portland 0 |
| TOP OF THE 2ND |
|
Salt Lake City Buzz batting - Pitching for Portland Stag : RHP Dave Burba
|
|
Batting: RHB Brian Johnson
|
0-0: Ball 1-0: Fly out, F7 (Line Drive, 7D, EV 89.4 MPH)
|
|
Batting: RHB Emil Brown
|
0-0: SINGLE (Line Drive, 8LS, EV 106.3 MPH)
|
|
Batting: RHB Jose Oliva
|
0-0: Called Strike 0-1: Ball 1-1: Fly out, F9 (Flyball, 9D, EV 89.4 MPH)
|
|
Batting: SHB Reggie B. Williams
|
0-0: Ball 1-0: Ball 2-0: Ball 3-0: Base on Balls Emil Brown to second
|
|
Batting: RHB Charlie Greene
|
0-0: Called Strike 0-1: Fly out, F8 (Flyball, 8RM, EV 80.0 MPH)
|
| Top of the 2nd over - 0 runs, 1 hit, 0 errors, 2 left on base; Salt Lake City 0 - Portland 0 |
| BOTTOM OF THE 2ND |
|
Portland Stag batting - Pitching for Salt Lake City Buzz : RHP Steve Parris
|
|
Batting: RHB Mike Mordecai
|
0-0: Ball 1-0: Called Strike 1-1: Foul Ball, location: 2F 1-2: Fly out, F9 (Flyball, 9LS, EV 84.4 MPH)
|
|
Batting: RHB Chris Widger
|
0-0: Fly out, F7 (Line Drive, 8LM, EV 98.1 MPH)
|
|
Batting: RHB Alex S Gonzalez
|
0-0: Foul Ball, location: 2F 0-1: Ball 1-1: SINGLE (Line Drive, 78S, EV 96.3 MPH)
|
|
Batting: LHB Yoshinobu Takahashi
|
0-0: Ground out 2-3 (Groundball, 15S, EV 73.8 MPH)
|
| Bottom of the 2nd over - 0 runs, 1 hit, 0 errors, 1 left on base; Salt Lake City 0 - Portland 0 |
| TOP OF THE 3RD |
|
Salt Lake City Buzz batting - Pitching for Portland Stag : RHP Dave Burba
|
|
Batting: RHB Arquimedez Pozo
|
0-0: Foul Ball, location: 2F 0-1: Foul Ball, location: 2F 0-2: Ball 1-2: Ball 2-2: Foul Ball, location: 2F 2-2: Foul Ball, location: 2F 2-2: Ground out 1-3 (Groundball, 13, EV 61.3 MPH)
|
|
Batting: SHB Abraham O Nunez
|
0-0: Fly out, F9 (Flyball, 89D, EV 108.1 MPH)
|
|
Batting: RHB Jerome Walton
|
0-0: Ball 1-0: SINGLE (Groundball, 56S, EV 69.4 MPH) (infield hit)
|
|
Batting: RHB Dave Staton
|
0-0: Ball 1-0: Called Strike 1-1: Ball 2-1: Ball 3-1: Foul Ball, location: 2F 3-2: Base on Balls Jerome Walton to second
|
|
Batting: RHB Brian Johnson
|
0-0: Called Strike 0-1: Foul Ball, location: 2F 0-2: Strikes out swinging
|
| Top of the 3rd over - 0 runs, 1 hit, 0 errors, 2 left on base; Salt Lake City 0 - Portland 0 |
| BOTTOM OF THE 3RD |
|
Portland Stag batting - Pitching for Salt Lake City Buzz : RHP Steve Parris
|
|
Batting: RHB Fernando Tatis
|
0-0: Ball 1-0: DOUBLE (Line Drive, 7LM, EV 115.0 MPH)
|
|
Batting: RHB Wes Chamberlain
|
0-0: Called Strike 0-1: Ball 1-1: Ball 2-1: Ball 3-1: Base on Balls
|
|
Batting: RHB Jeff Kunkel
|
0-0: Foul Ball, location: 2F 0-1: Ball 1-1: Foul Ball, location: 2F 1-2: Grounds into double play, 6-4-3 (Groundball, 6, EV 105.0 MPH) Fernando Tatis to third
|
|
Batting: LHB Mark P Johnson
|
0-0: Swinging Strike 0-1: Called Strike 0-2: Ball 1-2: Ball 2-2: Ball 3-2: SINGLE (Flyball, 7LM, EV 96.3 MPH) Fernando Tatis scores
|
|
Batting: RHB Mike Macfarlane
|
0-0: Called Strike 0-1: Ball 1-1: Ground out 1-3 (Groundball, P, EV 82.5 MPH)
|
| Bottom of the 3rd over - 1 run, 2 hits, 0 errors, 1 left on base; Salt Lake City 0 - Portland 1 |
| TOP OF THE 4TH |
|
Salt Lake City Buzz batting - Pitching for Portland Stag : RHP Dave Burba
|
|
Batting: RHB Emil Brown
|
0-0: Called Strike 0-1: Ball 1-1: Ball 2-1: Ball 3-1: Fly out, F9 (Flyball, 9S, EV 81.9 MPH)
|
|
Batting: RHB Jose Oliva
|
0-0: Foul Ball, location: 2F 0-1: Ball 1-1: Ball 2-1: Ball 3-1: Foul Ball, location: 2F 3-2: Base on Balls
|
|
Batting: SHB Reggie B. Williams
|
0-0: Called Strike 0-1: Swinging Strike 0-2: Foul Ball, location: 2F 0-2: Strikes out swinging
|
|
Batting: RHB Charlie Greene
|
0-0: Ground out 4-3 (Groundball, 4, EV 78.8 MPH)
|
| Top of the 4th over - 0 runs, 0 hits, 0 errors, 1 left on base; Salt Lake City 0 - Portland 1 |
| BOTTOM OF THE 4TH |
|
Portland Stag batting - Pitching for Salt Lake City Buzz : RHP Steve Parris
|
|
Batting: RHB Mike Mordecai
|
0-0: Called Strike 0-1: Called Strike 0-2: Ball 1-2: Strikes out swinging
|
|
Batting: RHB Chris Widger
|
0-0: Ball 1-0: Called Strike 1-1: Foul Ball, location: 2F 1-2: Foul Ball, location: 2F 1-2: Strikes out looking
|
|
Batting: RHB Alex S Gonzalez
|
0-0: Ball 1-0: Ball 2-0: Called Strike 2-1: Ground out 6-3 (Groundball, 6, EV 88.8 MPH)
|
| Bottom of the 4th over - 0 runs, 0 hits, 0 errors, 0 left on base; Salt Lake City 0 - Portland 1 |
| TOP OF THE 5TH |
|
Salt Lake City Buzz batting - Pitching for Portland Stag : RHP Dave Burba
|
|
Batting: RHB Arquimedez Pozo
|
0-0: Ball 1-0: Foul Ball, location: 2F 1-1: Ball 2-1: Bunt for hit to P - play at first, batter safe!
|
|
Batting: SHB Abraham O Nunez
|
0-0: Sac Bunt to 15 - play at first, batter OUT! 1-3 Arquimedez Pozo to second
|
|
Batting: RHB Jerome Walton
|
0-0: Ball 1-0: Ball 2-0: SINGLE (Groundball, 56D, EV 102.5 MPH) Arquimedez Pozo to third
|
|
Batting: RHB Dave Staton
|
0-0: Ball 1-0: Ball 2-0: Called Strike 2-1: Ball 3-1: Foul Ball, location: 2F 3-2: Foul Ball, location: 2F 3-2: Fly out, F8 (Line Drive, 8RM, EV 94.4 MPH)
|
|
Batting: RHB Brian Johnson
|
0-0: Ball 1-0: 3-RUN HOME RUN (Flyball, 78XD, EV 104.4 MPH), Distance : 406 ft
|
|
Batting: RHB Emil Brown
|
0-0: Ball 1-0: Foul Ball, location: 2F 1-1: Ball 2-1: Ball 3-1: Fly out, F4 (Popup, 34S, EV 80.0 MPH)
|
| Top of the 5th over - 3 runs, 3 hits, 0 errors, 0 left on base; Salt Lake City 3 - Portland 1 |
| BOTTOM OF THE 5TH |
|
Portland Stag batting - Pitching for Salt Lake City Buzz : RHP Steve Parris
|
|
Batting: LHB Yoshinobu Takahashi
|
0-0: Called Strike 0-1: Ball 1-1: SINGLE (Groundball, 6D, EV 101.3 MPH)
|
|
Batting: RHB Fernando Tatis
|
0-0: DOUBLE (Flyball, 89D, EV 90.6 MPH) Yoshinobu Takahashi to third
|
|
Batting: RHB Wes Chamberlain
|
0-0: Ball 1-0: Fly out, F8 (Flyball, 8LXD, EV 103.1 MPH) Runner from 3rd tags up, SCORES, no throw by CF
|
|
Batting: RHB Jeff Kunkel
|
0-0: Called Strike 0-1: Ball 1-1: Ball 2-1: Foul Ball, location: 2F 2-2: Foul Ball, location: 2F 2-2: DOUBLE (Line Drive, 9LS, EV 93.8 MPH) Fernando Tatis scores
|
|
Batting: LHB Mark P Johnson
|
0-0: Ball 1-0: Ball 2-0: Ball 3-0: Called Strike 3-1: Ground out 5-3 (Groundball, 56S, EV 91.3 MPH)
|
|
Batting: RHB Mike Macfarlane
|
0-0: Called Strike 0-1: Foul Ball, location: 2F 0-2: Strikes out swinging
|
| Bottom of the 5th over - 2 runs, 3 hits, 0 errors, 1 left on base; Salt Lake City 3 - Portland 3 |
| TOP OF THE 6TH |
|
Salt Lake City Buzz batting - Pitching for Portland Stag : RHP Dave Burba
|
|
Batting: RHB Jose Oliva
|
0-0: Called Strike 0-1: Ground out 5-3 (Groundball, 56S, EV 67.5 MPH)
|
|
Batting: SHB Reggie B. Williams
|
0-0: Ball 1-0: Foul Ball, location: 2F 1-1: Foul Ball, location: 2F 1-2: Strikes out swinging
|
|
Batting: RHB Charlie Greene
|
0-0: Called Strike 0-1: Ball 1-1: Ball 2-1: Ball 3-1: SINGLE (Groundball, 6MD, EV 101.9 MPH)
|
|
Batting: RHB Arquimedez Pozo
|
0-0: Ball 1-0: Foul Ball, location: 2F 1-1: Ball 2-1: Foul Ball, location: 2F 2-2: Foul Ball, location: 2F 2-2: Foul Ball, location: 2F 2-2: TRIPLE (Line Drive, 9LD, EV 106.3 MPH) Charlie Greene scores
|
|
Batting: SHB Abraham O Nunez
|
0-0: Ball 1-0: SINGLE (Line Drive, 9S, EV 107.5 MPH) Arquimedez Pozo scores
|
|
Pitching: RHP Ron Blazier
|
|
|
Batting: RHB Jerome Walton
|
0-0: Ground out 4-3 (Groundball, 34, EV 108.1 MPH)
|
| Top of the 6th over - 2 runs, 3 hits, 0 errors, 1 left on base; Salt Lake City 5 - Portland 3 |
| BOTTOM OF THE 6TH |
|
Portland Stag batting - Pitching for Salt Lake City Buzz : RHP Steve Parris
|
|
Batting: RHB Mike Mordecai
|
0-0: Ball 1-0: Ground out 5-3 (Groundball, 56, EV 78.1 MPH)
|
|
Batting: RHB Chris Widger
|
0-0: Ball 1-0: Ball 2-0: Ground out 1-3 (Groundball, P, EV 86.9 MPH)
|
|
Batting: RHB Alex S Gonzalez
|
0-0: Called Strike 0-1: Ball 1-1: Ball 2-1: Foul Ball, location: 2F 2-2: Foul Ball, location: 2F 2-2: Strikes out looking
|
| Bottom of the 6th over - 0 runs, 0 hits, 0 errors, 0 left on base; Salt Lake City 5 - Portland 3 |
| TOP OF THE 7TH |
|
Salt Lake City Buzz batting - Pitching for Portland Stag : RHP Ron Blazier
|
|
Batting: RHB Dave Staton
|
0-0: Foul Ball, location: 2F 0-1: Called Strike 0-2: Ball 1-2: Ball 2-2: Ball 3-2: Foul Ball, location: 2F 3-2: SOLO HOME RUN (Flyball, 7LD, EV 100.6 MPH), Distance : 357 ft
|
|
Batting: RHB Brian Johnson
|
0-0: Ball 1-0: Called Strike 1-1: Foul Ball, location: 2F 1-2: Ball 2-2: Foul Ball, location: 2F 2-2: SOLO HOME RUN (Flyball, 7D, EV 97.5 MPH), Distance : 389 ft
|
|
Batting: RHB Emil Brown
|
0-0: Called Strike 0-1: Swinging Strike 0-2: Fly out, F8 (Flyball, 8RS, EV 86.9 MPH)
|
|
Batting: RHB Jose Oliva
|
0-0: Fly out, F8 (Flyball, 8RD, EV 100.0 MPH)
|
|
Batting: SHB Reggie B. Williams
|
0-0: Ball 1-0: Called Strike 1-1: Foul Ball, location: 2F 1-2: Ground out 1-3 (Groundball, 13, EV 78.1 MPH)
|
| Top of the 7th over - 2 runs, 2 hits, 0 errors, 0 left on base; Salt Lake City 7 - Portland 3 |
| BOTTOM OF THE 7TH |
|
Portland Stag batting - Pitching for Salt Lake City Buzz : RHP Steve Parris
|
|
Batting: LHB Yoshinobu Takahashi
|
0-0: SINGLE (Line Drive, 9LM, EV 105.0 MPH)
|
|
Batting: RHB Fernando Tatis
|
0-0: Ball 1-0: Foul Ball, location: 2F 1-1: Called Strike 1-2: Fly out, F9 (Flyball, 89S, EV 88.1 MPH)
|
|
Batting: RHB Wes Chamberlain
|
0-0: Ball 1-0: Ball 2-0: Ball 3-0: Base on Balls Yoshinobu Takahashi to second
|
|
Batting: RHB Jeff Kunkel
|
0-0: Ball 1-0: Fielders Choice at 2nd, 6-4 (Groundball, 6S, EV 91.3 MPH) Yoshinobu Takahashi to third
|
|
Batting: LHB Mark P Johnson
|
0-0: Foul Ball, location: 2F 0-1: Ball 1-1: Ball 2-1: Ball 3-1: Base on Balls Jeff Kunkel to second
|
|
Batting: RHB Mike Macfarlane
|
0-0: Fielders Choice at 2nd, 5-4 (Groundball, 5L, EV 86.9 MPH)
|
| Bottom of the 7th over - 0 runs, 1 hit, 0 errors, 3 left on base; Salt Lake City 7 - Portland 3 |
| TOP OF THE 8TH |
|
Salt Lake City Buzz batting - Pitching for Portland Stag : RHP Ron Blazier
|
|
Batting: RHB Charlie Greene
|
0-0: Ground out U3 (Groundball, 3, EV 82.5 MPH)
|
|
Batting: RHB Arquimedez Pozo
|
0-0: Foul Ball, location: 2F 0-1: Ball 1-1: Ball 2-1: Ground out 5-3 (Groundball, 56S, EV 85.6 MPH)
|
|
Batting: SHB Abraham O Nunez
|
0-0: Ball 1-0: Ball 2-0: Foul Ball, location: 2F 2-1: Ball 3-1: Base on Balls
|
|
Batting: RHB Jerome Walton
|
0-0: Ball 1-0: SINGLE (Groundball, 6MD, EV 96.3 MPH) Abraham O Nunez to second
|
|
Batting: RHB Dave Staton
|
0-0: Called Strike 0-1: Ball 1-1: Called Strike 1-2: Ball 2-2: Ball 3-2: Strikes out swinging
|
| Top of the 8th over - 0 runs, 1 hit, 0 errors, 2 left on base; Salt Lake City 7 - Portland 3 |
| BOTTOM OF THE 8TH |
|
Portland Stag batting - Pitching for Salt Lake City Buzz : RHP Steve Parris
|
|
Pitching: RHP Donnie Elliott
|
|
|
Batting: RHB Mike Mordecai
|
0-0: Swinging Strike 0-1: Swinging Strike 0-2: Ground out 4-3 (Groundball, 4, EV 91.3 MPH)
|
|
Batting: RHB Chris Widger
|
0-0: Ball 1-0: SINGLE (Line Drive, 89S, EV 91.3 MPH)
|
|
Batting: RHB Alex S Gonzalez
|
0-0: Foul Ball, location: 2F 0-1: Swinging Strike 0-2: Ball 1-2: Ball 2-2: Ball 3-2: Fielders Choice at 2nd, 4-6 (Groundball, 34, EV 78.8 MPH)
|
|
Batting: LHB Yoshinobu Takahashi
|
0-0: Called Strike 0-1: Ball 1-1: Called Strike 1-2: Foul Ball, location: 2F 1-2: SINGLE (Groundball, 34D, EV 107.5 MPH) Alex S Gonzalez to second Runner from 2nd tries for 3rd, SAFE, throw by RF made to third
|
|
Batting: RHB Fernando Tatis
|
0-0: Ball 1-0: Fly out, F9 (Flyball, 9, EV 81.9 MPH)
|
| Bottom of the 8th over - 0 runs, 2 hits, 0 errors, 2 left on base; Salt Lake City 7 - Portland 3 |
| TOP OF THE 9TH |
|
Salt Lake City Buzz batting - Pitching for Portland Stag : RHP Ron Blazier
|
|
Batting: RHB Brian Johnson
|
0-0: Ball 1-0: Ball 2-0: Called Strike 2-1: Ball 3-1: Base on Balls
|
|
Pitching: RHP Carlos Castillo
|
|
|
Batting: RHB Emil Brown
|
0-0: Ball 1-0: Foul Ball, location: 2F 1-1: Ball 2-1: Fly out, F8 (Line Drive, 8RD, EV 97.5 MPH)
|
|
Batting: RHB Jose Oliva
|
0-0: Called Strike 0-1: Swinging Strike 0-2: Strikes out looking
|
|
Batting: SHB Reggie B. Williams
|
0-0: Foul Ball, location: 2F 0-1: Ball 1-1: Called Strike 1-2: Foul Ball, location: 2F 1-2: Strikes out swinging
|
| Top of the 9th over - 0 runs, 0 hits, 0 errors, 1 left on base; Salt Lake City 7 - Portland 3 |
| BOTTOM OF THE 9TH |
|
Portland Stag batting - Pitching for Salt Lake City Buzz : RHP Donnie Elliott
|
|
Batting: RHB Wes Chamberlain
|
0-0: Ball 1-0: Ball 2-0: Ball 3-0: Called Strike 3-1: Base on Balls
|
|
Batting: RHB Jeff Kunkel
|
0-0: Grounds into double play, 6-4-3 (Groundball, 6, EV 86.3 MPH)
|
|
Batting: LHB Mark P Johnson
|
0-0: Ball 1-0: Ball 2-0: Ball 3-0: Base on Balls
|
|
Batting: RHB Mike Macfarlane
|
0-0: SINGLE (Flyball, 8RS, EV 85.6 MPH) Mark P Johnson to second
|
|
Pitching: LHP Paul Spoljaric
|
|
|
Batting: RHB Mike Mordecai
|
0-0: Ball 1-0: Ball 2-0: Foul Ball, location: 2F 2-1: Ball 3-1: Base on Balls Mark P Johnson to third Mike Macfarlane to second
|
|
Batting: RHB Chris Widger
|
0-0: Called Strike 0-1: Called Strike 0-2: Strikes out swinging
|
| Bottom of the 9th over - 0 runs, 1 hit, 0 errors, 3 left on base; Salt Lake City 7 - Portland 3 |
|